 Dungeon Crawl Stone Soup version 0.29-a0-284-gf9362112df (webtiles) character file.

Game seed: 7516631267572305859

146 epen the Archer (level 5, -10/43 HPs)
             Began as a Gnoll Hunter on Mar 14, 2022.
             Killed by an exploding goblin (25 damage)
             ... ignited by their inner flame
             ... on level 4 of the Dungeon.
             The game lasted 00:03:39 (2401 turns).

epen the Archer (Gnoll Hunter)                      Turns: 2401, Time: 00:03:40

Health: -10/43     AC:  7    Str: 11    XL:     5   Next: 28%
Magic:  7/7        EV: 12    Int:  8    God:
Gold:   128        SH:  0    Dex: 17    Spells: 6/6 levels left

rFire   . . .      SeeInvis .   a - +1 shortbow
rCold   + . .      Faith    .   (shield currently unavailable)
rNeg    . . .      Spirit   .   d - +0 ring mail
rPois   .          Reflect  .   n - +0 helmet
rElec   .          Harm     .   o - +0 cloak
rCorr   .          Rampage  .   (no gloves)
Will    .....                   (no boots)
Stlth   ++........              (no amulet)
HPRegen 0.14/turn               l - ring of protection from cold
MPRegen 0.10/turn               (no ring)

@: no status effects
A: fangs 1, strong nose, distributed training
a: no special abilities


You were on level 4 of the Dungeon.
You visited 1 branch of the dungeon, and saw 4 of its levels.

You collected 128 gold pieces.

Inventory:

Hand Weapons
 a - a +1 shortbow (weapon)
Armour
 b - a +0 leather armour
 d - a +0 ring mail (worn)
 m - a +0 ring mail
 n - a +0 helmet (worn)
 o - a +0 cloak (worn)
Jewellery
 l - a ring of protection from cold (left hand)
Scrolls
 e - a scroll of enchant weapon {unknown}
 f - a scroll of magic mapping {unknown}
 h - a scroll of teleportation {unknown}
 j - 4 scrolls of identify {unknown}
 k - a scroll of torment {unknown}
 q - a scroll of summoning {unknown}
Potions
 g - a potion of degeneration {unknown}
 i - 2 potions of curing {unknown}
 p - a potion of resistance {unknown}


   Skills:
 + Level 4.7 Fighting
 + Level 1.4 Short Blades
 + Level 1.4 Long Blades
 + Level 1.4 Axes
 + Level 1.4 Maces & Flails
 + Level 1.4 Polearms
 + Level 1.4 Staves
 + Level 1.4 Slings
 + Level 8.6 Bows
 + Level 1.4 Crossbows
 + Level 1.4 Throwing
 + Level 1.4 Armour
 + Level 4.7 Dodging
 + Level 2.7 Stealth
 + Level 1.4 Shields
 + Level 1.4 Unarmed Combat
 + Level 1.4 Spellcasting
 + Level 1.1 Conjurations
 + Level 1.1 Hexes
 + Level 1.1 Summonings
 + Level 1.1 Necromancy
 + Level 1.1 Translocations
 + Level 1.1 Transmutations
 + Level 1.1 Fire Magic
 + Level 1.1 Ice Magic
 + Level 1.1 Air Magic
 + Level 1.1 Earth Magic
 + Level 1.1 Poison Magic
 + Level 1.6 Invocations
 + Level 1.4 Evocations


You had 6 spell levels left.
You didn't know any spells.
Your spell library was empty.

Dungeon Overview and Level Annotations

Branches:
Dungeon (4/15)
 Temple: D:4-7

Altars:

Shops:
D:3 ?   D:4 :


Innate Abilities, Weirdness & Mutations

You have very sharp teeth.
Your uncanny sense of smell can sniff out nearby items.
Your experience applies equally to all skills.


Message History

No target in view!
Things that are here:
a +0 falchion; a kobold corpse
Found a short sword.
There is an entrance to Juca's Book Boutique here.
You enter the shallow water.
Moving in this stuff is going to be slow.
Found a stone staircase leading up.
No target in view!
You now have 128 gold pieces (gained 6).
You open the door. 5 goblins and an ogre come into view.
The goblin shouts!
You hear a shout!
The goblin shouts!
You hear a shout!
A goblin comes into view. It is wielding a +0 dagger.
The ogre moves out of view.
The goblin shouts!
There are monsters nearby!
You shoot an arrow. The goblin shouts!
The arrow hits the goblin!
You kill the goblin!
You aren't carrying any items that you can evoke.
Really read the scroll of immolation?
As you read the scroll of immolation, it crumbles to dust.
The creatures around you are filled with an inner flame!
The goblin hits you but does no damage.
A goblin comes into view. It is wielding a +0 dagger.
You shoot an arrow. The arrow barely misses the goblin.
The arrow closely misses the goblin.
You shoot an arrow. The arrow hits the goblin!
The goblin explodes!
The fiery explosion engulfs you!!
Ouch! That really hurt!
The fiery explosion engulfs the goblin!!!
The goblin explodes!
The fiery explosion engulfs the goblin!!!
The fiery explosion engulfs the goblin!!
The fiery explosion engulfs you!!
Ouch! That really hurt!
You die...

...#.....#. ..#..#......
#.......##..# .
............<.# ...
###...............
....#.................
.....§§§...............#
.....§§@...............#
....##§##..............#
. #)§∆#.........##...#
#.O∆#.........#.... #..
#......≈≈≈..##..
#####....#≈≈≈≈≈.....
.......#)..∩≈≈##..
.............≈≈≈≈≈#
......[.#....#.≈≈≈.#


You could see an ogre (inner flame).

Vanquished Creatures
  Crazy Yiuf (D:2)
  Robin (D:2)
  2 adders
  A worm (D:2)
  2 dart slugs
  An orc (D:4)
  5 ball pythons
  5 bats
  7 endoplasms
  A giant cockroach (D:2)
  20 goblins
  10 hobgoblins
  4 jackals (D:3)
  2 quokkas
  8 frilled lizards
  5 kobolds
  4 rats
79 creatures vanquished.

Vanquished Creatures (others)
  A plant (D:3)
1 creature vanquished.

Grand Total: 80 creatures vanquished

Notes
Turn   | Place    | Note
-------+----------+-------------------------------------------
     0 | D:1      | epen the Gnoll Hunter began the quest for the Orb.
     0 | D:1      | Reached XP level 1. HP: 20/20 MP: 1/1
     1 | D:1      | Noticed an electric eel
    76 | D:1      | Reached XP level 2. HP: 26/26 MP: 2/2
   363 | D:1      | Reached XP level 3. HP: 31/31 MP: 3/3
   796 | D:2      | Reached skill level 1 in Invocations
   969 | D:2      | Noticed Robin
   979 | D:2      | Killed Robin
   980 | D:2      | Reached skill level 1 in Short Blades
   980 | D:2      | Reached skill level 1 in Long Blades
   980 | D:2      | Reached skill level 1 in Axes
   980 | D:2      | Reached skill level 1 in Maces & Flails
   980 | D:2      | Reached skill level 1 in Polearms
   980 | D:2      | Reached skill level 1 in Staves
   980 | D:2      | Reached skill level 1 in Slings
   980 | D:2      | Reached skill level 1 in Crossbows
   980 | D:2      | Reached skill level 1 in Throwing
   980 | D:2      | Reached skill level 1 in Armour
   980 | D:2      | Reached skill level 1 in Shields
   980 | D:2      | Reached skill level 1 in Unarmed Combat
   980 | D:2      | Reached skill level 1 in Spellcasting
   980 | D:2      | Reached skill level 1 in Evocations
   980 | D:2      | Reached XP level 4. HP: 15/38 MP: 5/5
  1556 | D:2      | Found a runed translucent door.
  1557 | D:2      | Noticed Crazy Yiuf
  1645 | D:2      | Killed Crazy Yiuf
  1646 | D:2      | Reached skill level 1 in Conjurations
  1646 | D:2      | Reached skill level 1 in Hexes
  1646 | D:2      | Reached skill level 1 in Summonings
  1646 | D:2      | Reached skill level 1 in Necromancy
  1646 | D:2      | Reached skill level 1 in Translocations
  1646 | D:2      | Reached skill level 1 in Transmutations
  1646 | D:2      | Reached skill level 1 in Fire Magic
  1646 | D:2      | Reached skill level 1 in Ice Magic
  1646 | D:2      | Reached skill level 1 in Air Magic
  1646 | D:2      | Reached skill level 1 in Earth Magic
  1646 | D:2      | Reached skill level 1 in Poison Magic
  1835 | D:3      | Found Noox Igah's Magic Scroll Boutique.
  1861 | D:3      | Identified the +0 chain mail of Loduem {rElec rPois Int-3}
  1967 | D:3      | Reached XP level 5. HP: 43/43 MP: 5/7
  2022 | D:3      | Found a faded altar of an unknown god.
  2359 | D:4      | Found Juca's Book Boutique.
  2397 | D:4      | Noticed an ogre
  2401 | D:4      | Killed by an exploding goblin... ignited by their inner
                  | flame

Illustrated notes

Levels and vault maps discovered:
D:1:      arrival_aquarium_a, layout_rooms
D:2:      layout_loops_ring, uniq_robin, uniq_crazy_yiuf_cottage
D:3:      layout_rooms, chequers_ecumenical_altar_simple_redux, serial_shops,
          shop_fountains, serial_bayou_pond_b, st_stairs_4
D:4:      layout_cave_pools, nzn_wu_jian_council_hall, okawaru_trees_2,
          serial_shops, nicolae_shop_waterfront, minmay_ogre_servants,
          uniq_eustachio, uniq_sigmund

Skill      XL: |  1  2  3  4 |
---------------+-------------+-----
Invocations    | 1 |  1.6
Short Blades   | 1 |  1.4
Long Blades    | 1 |  1.4
Axes           | 1 |  1.4
Maces & Flails | 1 |  1.4
Polearms       | 1 |  1.4
Staves         | 1 |  1.4
Slings         | 1 |  1.4
Crossbows      | 1 |  1.4
Throwing       | 1 |  1.4
Armour         | 1 |  1.4
Shields        | 1 |  1.4
Unarmed Combat | 1 |  1.4
Spellcasting   | 1 |  1.4
Evocations     | 1 |  1.4
Conjurations   | 1 |  1.1
Hexes          | 1 |  1.1
Summonings     | 1 |  1.1
Necromancy     | 1 |  1.1
Translocations | 1 |  1.1
Transmutations | 1 |  1.1
Fire Magic     | 1 |  1.1
Ice Magic      | 1 |  1.1
Air Magic      | 1 |  1.1
Earth Magic    | 1 |  1.1
Poison Magic   | 1 |  1.1
Fighting       | |  4.7
Bows           | |  8.6
Dodging        | |  4.7
Stealth        | |  2.7

Action                   |  1- 3 |  4- 6 || total
-------------------------+-------+-------++-------
 Fire: Shortbow          |    80 |    83 ||   163
  Use: Scroll            |       |     1 ||     1
Armor: Ring mail         |    11 |    12 ||    23
Dodge: Dodged            |    19 |    26 ||    45

Table legend: (Time is in decaauts)
 A = Elapsed time spent in this place.
 B = Non-inter-level travel time spent in this place.
 C = Inter-level travel time spent in this place.
 D = Time resting spent in this place.
 E = Time spent auto-exploring this place.
 F = Levels seen in this place.
 G = Mean time per level.
                   A        B        C        D        E       F      G
               +--------+--------+--------+--------+--------+-----+--------+
         Total |   2434 |   2362 |     72 |    227 |   1717 |   4 |  608.5 |
       Dungeon |   2434 |   2362 |     72 |    227 |   1717 |   4 |  608.5 |
               +--------+--------+--------+--------+--------+-----+--------+

Top non-repeatable levels by time:
     D:2: 1274 daAuts
     D:1: 552 daAuts
     D:3: 545 daAuts
     D:4: 61 daAuts
